| TOP OF THE 1ST |
|
Tulsa Drillers batting - Pitching for Springfield Cardinals : LHP John Roe
|
|
Pitching: LHP John Roe
|
|
|
Batting: RHB Josh Crenwelge
|
0-0: Ball 1-0: Ball 2-0: Ball 3-0: Base on Balls
|
|
Batting: RHB Daniel Samano
|
0-0: Ball 1-0: 2-RUN HOME RUN (Flyball, 7LD, EV 91.2 MPH), Distance : 338 ft
|
|
Batting: RHB Jonathan Kirsch
|
0-0: Ball 1-0: Ground out 1-3 (Groundball, 34S, EV 76.2 MPH)
|
|
Batting: RHB Tony Rivera
|
0-0: Called Strike 0-1: Ball 1-1: Ball 2-1: DOUBLE (Line Drive, 7LM, EV 104.4 MPH)
|
|
Batting: SHB Nate Kopchak
|
0-0: Called Strike 0-1: Ball 1-1: DOUBLE (Flyball, 9LD, EV 114.4 MPH) Tony Rivera scores
|
|
Batting: RHB Marcos Villalobos
|
0-0: Ball 1-0: Called Strike 1-1: Ground out U3 (Groundball, 34, EV 84.4 MPH) Nate Kopchak to third
|
|
Batting: SHB Justin Toth
|
0-0: Fly out, F9 (Flyball, 9S, EV 90.6 MPH)
|
| Top of the 1st over - 3 runs, 3 hits, 0 errors, 1 left on base; Tulsa 3 - Springfield 0 |
| BOTTOM OF THE 1ST |
|
Springfield Cardinals batting - Pitching for Tulsa Drillers : RHP Eddie Usrey
|
|
Pitching: RHP Eddie Usrey
|
|
|
Batting: RHB Fortunato Fteira
|
0-0: Reached via error on a dropped throw from 1B, E1 (Groundball, 34, EV 109.4 MPH)
|
|
Batting: RHB Andres Mendiola
|
0-0: Foul Ball, location: 2F 0-1: Ball 1-1: 2-RUN HOME RUN (Flyball, 9LD, EV 91.2 MPH), Distance : 334 ft
|
|
Batting: LHB Travis Ruppel
|
0-0: Called Strike 0-1: Called Strike 0-2: Ball 1-2: Strikes out swinging
|
|
Batting: RHB Joe Alley
|
0-0: Ball 1-0: SINGLE (Groundball, 4MD, EV 103.1 MPH) (infield hit)
|
|
Batting: RHB Josh Lyon
|
0-0: Ball 1-0: Ball 2-0: Grounds into double play, 6-4-3 (Groundball, 56, EV 75.6 MPH)
|
| Bottom of the 1st over - 2 runs, 2 hits, 1 error, 0 left on base; Tulsa 3 - Springfield 2 |
| TOP OF THE 2ND |
|
Tulsa Drillers batting - Pitching for Springfield Cardinals : LHP John Roe
|
|
Batting: RHB Nick Getz
|
0-0: Called Strike 0-1: Foul Ball, location: 2F 0-2: DOUBLE (Groundball, 5L, EV 106.2 MPH)
|
|
Batting: RHB Robby Cuellar
|
0-0: Ball 1-0: Swinging Strike 1-1: Ball 2-1: Ball 3-1: Fly out, F7 (Flyball, 7D, EV 88.8 MPH) Runner from 2nd tags up, SAFE at 3rd, no throw by LF
|
|
Batting: RHB Josh Crenwelge
|
0-0: Called Strike 0-1: Ball 1-1: Ground out 6-3 (Groundball, 6M, EV 88.1 MPH) Nick Getz scores
|
|
Batting: RHB Daniel Samano
|
0-0: SINGLE (Line Drive, 5D, EV 108.1 MPH)
|
|
Batting: RHB Jonathan Kirsch
|
0-0: Ball 1-0: Ball 2-0: Called Strike 2-1: Ball 3-1: Base on Balls Daniel Samano to second
|
|
Batting: RHB Tony Rivera
|
0-0: Swinging Strike 0-1: Ball 1-1: Foul Ball, location: 2F 1-2: Strikes out swinging
|
| Top of the 2nd over - 1 run, 2 hits, 0 errors, 2 left on base; Tulsa 4 - Springfield 2 |
| BOTTOM OF THE 2ND |
|
Springfield Cardinals batting - Pitching for Tulsa Drillers : RHP Eddie Usrey
|
|
Batting: RHB Tommy Boudreaux
|
0-0: Foul Ball, location: 2F 0-1: Swinging Strike 0-2: Strikes out swinging
|
|
Batting: RHB Joe LaDue
|
0-0: Swinging Strike 0-1: Ball 1-1: Called Strike 1-2: Strikes out looking
|
|
Batting: RHB Immel Kamuzu
|
0-0: Swinging Strike 0-1: Foul Ball, location: 2F 0-2: Foul Ball, location: 2F 0-2: Ball 1-2: Ball 2-2: Strikes out swinging
|
| Bottom of the 2nd over - 0 runs, 0 hits, 0 errors, 0 left on base; Tulsa 4 - Springfield 2 |
| TOP OF THE 3RD |
|
Tulsa Drillers batting - Pitching for Springfield Cardinals : LHP John Roe
|
|
Batting: SHB Nate Kopchak
|
0-0: Ball 1-0: Foul Ball, location: 2F 1-1: Ball 2-1: DOUBLE (Groundball, 5L, EV 110.0 MPH)
|
|
Batting: RHB Marcos Villalobos
|
0-0: Ball 1-0: Ground out 6-3 (Groundball, 56, EV 88.1 MPH)
|
|
Batting: SHB Justin Toth
|
0-0: Called Strike 0-1: Ball 1-1: Ball Nate Kopchak steals 3rd base 2-1: Foul Ball, location: 2F 2-2: Ball 3-2: Ground out 6-3 (Groundball, 6, EV 81.2 MPH) Nate Kopchak scores
|
|
Batting: RHB Nick Getz
|
0-0: Foul Ball, location: 2F 0-1: Ball 1-1: Ground out 4-3 (Groundball, 13, EV 77.5 MPH)
|
| Top of the 3rd over - 1 run, 1 hit, 0 errors, 0 left on base; Tulsa 5 - Springfield 2 |
| BOTTOM OF THE 3RD |
|
Springfield Cardinals batting - Pitching for Tulsa Drillers : RHP Eddie Usrey
|
|
Batting: RHB Jose Jimenez
|
0-0: Ball 1-0: Called Strike 1-1: Swinging Strike 1-2: Strikes out swinging
|
|
Batting: RHB Fortunato Fteira
|
0-0: Foul Ball, location: 2F 0-1: Foul Ball, location: 2F 0-2: Fly out, F8 (Line Drive, 8RD, EV 101.2 MPH)
|
|
Batting: RHB Andres Mendiola
|
0-0: Swinging Strike 0-1: Ball 1-1: Foul Ball, location: 2F 1-2: Foul Ball, location: 2F 1-2: Fly out, F8 (Flyball, 8RD, EV 101.9 MPH)
|
| Bottom of the 3rd over - 0 runs, 0 hits, 0 errors, 0 left on base; Tulsa 5 - Springfield 2 |
| TOP OF THE 4TH |
|
Tulsa Drillers batting - Pitching for Springfield Cardinals : LHP John Roe
|
|
Batting: RHB Robby Cuellar
|
0-0: Ball 1-0: Fly out, F8 (Line Drive, 8RM, EV 98.1 MPH)
|
|
Batting: RHB Josh Crenwelge
|
0-0: Ball 1-0: Swinging Strike 1-1: Swinging Strike 1-2: Foul Ball, location: 2F 1-2: Foul Ball, location: 2F 1-2: Foul Ball, location: 2F 1-2: Ball 2-2: Ball 3-2: Strikes out swinging
|
|
Batting: RHB Daniel Samano
|
0-0: Ball 1-0: Fly out, F8 (Line Drive, 8LM, EV 93.1 MPH)
|
| Top of the 4th over - 0 runs, 0 hits, 0 errors, 0 left on base; Tulsa 5 - Springfield 2 |
| BOTTOM OF THE 4TH |
|
Springfield Cardinals batting - Pitching for Tulsa Drillers : RHP Eddie Usrey
|
|
Batting: LHB Travis Ruppel
|
0-0: Swinging Strike 0-1: Ball 1-1: Ball 2-1: Ball 3-1: Foul Ball, location: 2F 3-2: Foul Ball, location: 2F 3-2: Fly out, F3 (Popup, 23F, EV 92.5 MPH)
|
|
Batting: RHB Joe Alley
|
0-0: Ball 1-0: Fly out, F8 (Flyball, 8LXD, EV 93.1 MPH)
|
|
Batting: RHB Josh Lyon
|
0-0: Called Strike 0-1: Ball 1-1: Ground out 6-3 (Groundball, 56, EV 80.6 MPH)
|
| Bottom of the 4th over - 0 runs, 0 hits, 0 errors, 0 left on base; Tulsa 5 - Springfield 2 |
| TOP OF THE 5TH |
|
Tulsa Drillers batting - Pitching for Springfield Cardinals : LHP John Roe
|
|
Batting: RHB Jonathan Kirsch
|
0-0: Ball 1-0: Fly out, F8 (Flyball, 89M, EV 90.6 MPH)
|
|
Batting: RHB Tony Rivera
|
0-0: Called Strike 0-1: Ball 1-1: Ball 2-1: DOUBLE (Flyball, 8LXD, EV 89.4 MPH)
|
|
Batting: SHB Nate Kopchak
|
0-0: Called Strike 0-1: Ball 1-1: Ball 2-1: Called Strike 2-2: Strikes out looking
|
|
Batting: RHB Marcos Villalobos
|
0-0: Intentional Walk
|
|
Batting: SHB Justin Toth
|
0-0: Called Strike 0-1: Swinging Strike 0-2: Strikes out swinging
|
| Top of the 5th over - 0 runs, 1 hit, 0 errors, 2 left on base; Tulsa 5 - Springfield 2 |
| BOTTOM OF THE 5TH |
|
Springfield Cardinals batting - Pitching for Tulsa Drillers : RHP Eddie Usrey
|
|
Batting: RHB Tommy Boudreaux
|
0-0: Called Strike 0-1: Fly out, F8 (Flyball, 78S, EV 79.4 MPH)
|
|
Batting: RHB Joe LaDue
|
0-0: Called Strike 0-1: Ball 1-1: Called Strike 1-2: Ball 2-2: Strikes out swinging
|
|
Batting: RHB Immel Kamuzu
|
0-0: Called Strike 0-1: Ball 1-1: Foul Ball, location: 2F 1-2: Ball 2-2: Foul Ball, location: 2F 2-2: Ground out 5-3 (Groundball, 56, EV 81.9 MPH)
|
| Bottom of the 5th over - 0 runs, 0 hits, 0 errors, 0 left on base; Tulsa 5 - Springfield 2 |
| TOP OF THE 6TH |
|
Tulsa Drillers batting - Pitching for Springfield Cardinals : LHP John Roe
|
|
Batting: RHB Nick Getz
|
0-0: Ball 1-0: Foul Ball, location: 2F 1-1: Called Strike 1-2: Strikes out swinging
|
|
Batting: RHB Robby Cuellar
|
0-0: Fly out, F9 (Flyball, 9, EV 86.9 MPH)
|
|
Batting: RHB Josh Crenwelge
|
0-0: Foul Ball, location: 2F 0-1: Foul Ball, location: 2F 0-2: Foul Ball, location: 2F 0-2: SINGLE (Groundball, 6MD, EV 103.8 MPH)
|
|
Pitching: RHP Chris Ray
|
|
|
Batting: RHB Daniel Samano
|
0-0: Fly out, F9 (Flyball, 9, EV 81.2 MPH)
|
| Top of the 6th over - 0 runs, 1 hit, 0 errors, 1 left on base; Tulsa 5 - Springfield 2 |
| BOTTOM OF THE 6TH |
|
Springfield Cardinals batting - Pitching for Tulsa Drillers : RHP Eddie Usrey
|
|
Batting: RHB Jose Jimenez
|
0-0: Ball 1-0: Fly out, F7 (Flyball, 78M, EV 85.0 MPH)
|
|
Batting: RHB Fortunato Fteira
|
0-0: Called Strike 0-1: Ball 1-1: Called Strike 1-2: DOUBLE (Line Drive, 5D, EV 96.9 MPH)
|
|
Batting: RHB Andres Mendiola
|
0-0: Ball 1-0: Ball 2-0: Swinging Strike 2-1: Foul Ball, location: 2F 2-2: Strikes out looking
|
|
Batting: LHB Travis Ruppel
|
0-0: Ground out 5-3 (Groundball, 56D, EV 91.2 MPH)
|
| Bottom of the 6th over - 0 runs, 1 hit, 0 errors, 1 left on base; Tulsa 5 - Springfield 2 |
| TOP OF THE 7TH |
|
Tulsa Drillers batting - Pitching for Springfield Cardinals : RHP Chris Ray
|
|
Batting: RHB Jonathan Kirsch
|
0-0: Ball 1-0: Swinging Strike 1-1: Ball 2-1: Ball 3-1: Called Strike 3-2: Strikes out swinging
|
|
Batting: RHB Tony Rivera
|
0-0: Foul Ball, location: 2F 0-1: Foul Ball, location: 2F 0-2: Ball 1-2: Foul Ball, location: 2F 1-2: Fly out, F7 (Line Drive, 78M, EV 106.9 MPH)
|
|
Batting: SHB Nate Kopchak
|
0-0: Called Strike 0-1: SOLO HOME RUN (Flyball, 9D, EV 97.5 MPH), Distance : 377 ft
|
|
Batting: RHB Marcos Villalobos
|
0-0: Fly out, F8 (Flyball, 8RM, EV 81.2 MPH)
|
| Top of the 7th over - 1 run, 1 hit, 0 errors, 0 left on base; Tulsa 6 - Springfield 2 |
| BOTTOM OF THE 7TH |
|
Springfield Cardinals batting - Pitching for Tulsa Drillers : RHP Eddie Usrey
|
|
Batting: RHB Joe Alley
|
0-0: Ball 1-0: Ball 2-0: Swinging Strike 2-1: DOUBLE (Line Drive, 7LS, EV 99.4 MPH)
|
|
Batting: RHB Josh Lyon
|
0-0: Ball 1-0: Ball 2-0: Ground out 6-3 (Groundball, 6, EV 78.1 MPH)
|
|
Batting: RHB Tommy Boudreaux
|
0-0: Ball 1-0: Ball 2-0: Foul Ball, location: 2F 2-1: Swinging Strike 2-2: Ball 3-2: Fly out, F8 (Line Drive, 8RM, EV 86.9 MPH)
|
|
Batting: RHB Joe LaDue
|
0-0: Called Strike 0-1: Foul Ball, location: 2F 0-2: Ball 1-2: Strikes out swinging
|
| Bottom of the 7th over - 0 runs, 1 hit, 0 errors, 1 left on base; Tulsa 6 - Springfield 2 |
| TOP OF THE 8TH |
|
Tulsa Drillers batting - Pitching for Springfield Cardinals : RHP Chris Ray
|
|
Pitching: RHP Travis Tovey
|
|
|
Batting: SHB Justin Toth
|
0-0: Ball 1-0: Ball 2-0: Foul Ball, location: 2F 2-1: Ball 3-1: Swinging Strike 3-2: Strikes out swinging
|
|
Batting: RHB Nick Getz
|
0-0: Ball 1-0: Foul Ball, location: 2F 1-1: Foul Ball, location: 2F 1-2: Ground out 5-3 (Groundball, 56S, EV 92.5 MPH)
|
|
Batting: RHB Robby Cuellar
|
0-0: Ball 1-0: Ground out 3-1 (Groundball, 34S, EV 87.5 MPH)
|
| Top of the 8th over - 0 runs, 0 hits, 0 errors, 0 left on base; Tulsa 6 - Springfield 2 |
| BOTTOM OF THE 8TH |
|
Springfield Cardinals batting - Pitching for Tulsa Drillers : RHP Eddie Usrey
|
|
Batting: RHB Immel Kamuzu
|
0-0: Called Strike 0-1: Ground out 5-3 (Groundball, 56S, EV 93.8 MPH)
|
|
Batting: RHB Jose Jimenez
|
0-0: Ball 1-0: Foul Ball, location: 2F 1-1: Foul Ball, location: 2F 1-2: Foul Ball, location: 2F 1-2: Ball 2-2: Fly out, F8 (Flyball, 8LD, EV 101.9 MPH)
|
|
Batting: RHB Fortunato Fteira
|
0-0: Ball 1-0: SINGLE (Groundball, 4MD, EV 96.9 MPH)
|
|
Pitching: RHP Jordan Arredondo
|
|
|
Batting: RHB Andres Mendiola
|
0-0: Ball 1-0: Foul Ball, location: 2F 1-1: Ball 2-1: Foul Ball, location: 2F 2-2: Fly out, F8 (Flyball, 8RD, EV 96.9 MPH)
|
| Bottom of the 8th over - 0 runs, 1 hit, 0 errors, 1 left on base; Tulsa 6 - Springfield 2 |
| TOP OF THE 9TH |
|
Tulsa Drillers batting - Pitching for Springfield Cardinals : RHP Travis Tovey
|
|
Batting: RHB Josh Crenwelge
|
0-0: Called Strike 0-1: Ball 1-1: Ground out 6-3 (Groundball, 6, EV 110.0 MPH)
|
|
Batting: RHB Daniel Samano
|
0-0: Swinging Strike 0-1: Ground out 5-3 (Groundball, 5S, EV 68.8 MPH)
|
|
Batting: RHB Jonathan Kirsch
|
0-0: Foul Ball, location: 2F 0-1: Ball 1-1: Fly out, F9 (Flyball, 89S, EV 86.2 MPH)
|
| Top of the 9th over - 0 runs, 0 hits, 0 errors, 0 left on base; Tulsa 6 - Springfield 2 |
| BOTTOM OF THE 9TH |
|
Springfield Cardinals batting - Pitching for Tulsa Drillers : RHP Jordan Arredondo
|
|
Batting: LHB Travis Ruppel
|
0-0: Fly out, F7 (Flyball, 7, EV 86.2 MPH)
|
|
Batting: RHB Joe Alley
|
0-0: Ball 1-0: Foul Ball, location: 2F 1-1: SINGLE (Groundball, 56D, EV 103.8 MPH)
|
|
Batting: RHB Josh Lyon
|
0-0: Ball 1-0: Ball 2-0: Ball 3-0: Base on Balls Joe Alley to second
|
|
Pitching: RHP Etsuji Kawasaki
|
|
|
Batting: RHB Tommy Boudreaux
|
0-0: Called Strike 0-1: Called Strike 0-2: Foul Ball, location: 2F 0-2: Foul Ball, location: 2F 0-2: Fly out, F7 (Flyball, 78S, EV 76.2 MPH)
|
|
Pinch Hitting: SHB Josh Schultze
|
0-0: Ball 1-0: Fly out, F9 (Line Drive, 9LM, EV 96.9 MPH)
|
| Bottom of the 9th over - 0 runs, 1 hit, 0 errors, 2 left on base; Tulsa 6 - Springfield 2 |
|